 Dungeon Crawl Stone Soup version 0.29.1-13-g9f3cf754e1 (webtiles) character file.

Game seed: 10685700387208841398

105 Vulpanium the Chopper (level 5, -15/41 HPs)
             Began as a Human Monk on Jan 23, 2023.
             Was a Priest of Wu Jian.
             Killed by an exploding goblin (38 damage)
             ... ignited by their inner flame
             ... on level 3 of the Dungeon.
             The game lasted 00:12:34 (3645 turns).

Vulpanium the Chopper (Human Monk)                  Turns: 3645, Time: 00:12:35

Health: -15/41     AC:  6    Str: 13    XL:     5   Next: 9%
Magic:  5/5        EV: 11    Int: 11    God:    Wu Jian [***...]
Gold:   143        SH:  0    Dex: 15    Spells: 4/4 levels left

rFire   . . .      SeeInvis .   a - +0 hand axe
rCold   . . .      Faith    .   (no shield)
rNeg    . . .      Spirit   .   j - +0 ring mail
rPois   .          Reflect  .   (no helmet)
rElec   .          Harm     .   (no cloak)
rCorr   .          Rampage  .   o - +0 pair of gloves
Will    .....                   (no boots)
Stlth   +.........              g - amulet of the acrobat
HPRegen 0.13/turn               (no ring)
MPRegen 0.09/turn               (no ring)

@: no status effects
A: no striking features
a: Renounce Religion, Wall Jump, Serpent's Lash


You were on level 3 of the Dungeon.
You worshipped Wu Jian.
Wu Jian was most pleased with you.
You visited 1 branch of the dungeon, and saw 3 of its levels.

You collected 143 gold pieces.

Inventory:

Hand Weapons
 a - a +0 hand axe (weapon)
 s - a +3 dagger
Armour
 b - a +0 robe
 j - a +0 ring mail (worn)
 o - a +0 pair of gloves (worn)
 t - a +0 pair of boots
Jewellery
 d - a ring of ice
 g - an amulet of the acrobat (around neck)
 q - a ring of resist corrosion
 r - a ring of magical power
Scrolls
 e - 2 scrolls of identify
 k - a scroll of torment {unknown}
 m - 2 scrolls of enchant weapon {unknown}
 n - a scroll of teleportation {unknown}
Potions
 c - a potion of ambrosia
 f - a potion of mutation {unknown}
 h - a potion of heal wounds {unknown}
 i - a potion of attraction
 p - a potion of lignification {unknown}


   Skills:
 + Level 3.4 Fighting
 + Level 4.0 Axes
 * Level 1.9 Armour
 + Level 3.4 Dodging
 + Level 2.3 Stealth


You had 4 spell levels left.
You didn't know any spells.
Your spell library contained the following spells:

 Spells                   Type           Power      Damage    Failure   Level
 Ozocubu's Armour         Ice            0%         N/A       92%         3
 Fireball                 Conj/Fire      0%         3d3       100%        5
 Iskenderun's Battlesphe  Conj           0%         2d6       100%        5
 Conjure Ball Lightning   Conj/Air       0%         3x3d6     100%        6
 Orb of Destruction       Conj           0%         9d5       100%        7
 Ozocubu's Refrigeration  Ice            0%         4d7       100%        7


Dungeon Overview and Level Annotations

Branches:
Dungeon (3/15)

Altars:
Wu Jian


Message History

You kill the worm!
The Council accepts your kill.
You see here 3 gold pieces.
An endoplasm is nearby!
You lunge at the endoplasm.
You hit the endoplasm.
The endoplasm is moderately wounded.
The endoplasm hits you.
You hit the endoplasm but do no damage.
The endoplasm is moderately wounded.
The endoplasm hits you but does no damage.
You hit the endoplasm.
The endoplasm is almost dead.
The endoplasm closely misses you.
You hit the endoplasm.
You kill the endoplasm!
The Council accepts your kill.
You start resting.
A goblin comes into view. It is wielding a +0 club.
Found a stone staircase leading down.
An orc priest comes into view. It is wielding a +0 flail.
The goblin shouts!
You hear a shout! x2; The orc priest shouts!
You hear a shout!
An orc comes into view. It is wielding a +0 dagger.
An orc comes into view. It is wielding a +0 club.
You hear a shout!
An orc comes into view. It is wielding a +0 mace.
The orc shouts!
An orc wizard comes into view. It is wielding a +0 dagger.
The orc throws a boomerang.
The boomerang hits you. The goblin attacks as you move away!
The goblin barely misses you.
The orc throws a boomerang.
The boomerang completely misses you.
As you read the scroll labelled EQEISU RESIT, it crumbles to dust.
The creatures around you are filled with an inner flame!
It was a scroll of immolation.
The goblin hits you but does no damage.
You hit the goblin. The Council accepts your kill.
The goblin explodes!
The fiery explosion engulfs you!!!
Ouch! That really hurt!
You die...

###### #........
...)..##........
#....)........
#....†......##
#...........#
#...........# .
#...........####...
#....$§§§...o......
#.....@§§o..o......
#.....§§§...o......
#..................
#########..........
#...o......
########>.. ... ##


You could see an orc priest (inner flame), an orc wizard (inner flame) and 3
orcs.

Vanquished Creatures
  3 adders (D:2)
  4 worms
  2 dart slugs (D:1)
  An orc (D:3)
  5 endoplasms
  4 giant cockroaches
  5 goblins
  5 hobgoblins
  2 quokkas (D:1)
  9 ball pythons
  10 bats
  4 frilled lizards
  5 rats
59 creatures vanquished.

Notes
Turn   | Place    | Note
-------+----------+-------------------------------------------
     0 | D:1      | Vulpanium the Human Monk began the quest for the Orb.
     0 | D:1      | Reached XP level 1. HP: 18/18 MP: 1/1
   260 | D:1      | Reached XP level 2. HP: 24/24 MP: 2/2
   835 | D:1      | Reached XP level 3. HP: 29/29 MP: 3/3
  1135 | D:1      | Found a faded altar of an unknown god.
  1140 | D:1      | Prayed at the altar of an unknown god.
  1140 | D:1      | Became a worshipper of the Wu Jian Council
  1140 | D:1      | Reached * piety under Wu Jian
  1140 | D:1      | Reached ** piety under Wu Jian
  1775 | D:2      | Reached skill level 1 in Armour
  1775 | D:2      | Reached XP level 4. HP: 32/35 MP: 4/4
  2033 | D:2      | Reached *** piety under Wu Jian
  3154 | D:3      | HP: 1/35 [something (2)]
  3565 | D:3      | Reached skill level 4 in Axes
  3574 | D:3      | Reached XP level 5. HP: 24/41 MP: 5/5
  3645 | D:3      | Killed by an exploding goblin... ignited by their inner
                  | flame

Illustrated notes

Levels and vault maps discovered:
D:1:      dpeg_arrival_rhombi, layout_basic,
          hellmonk_ecumenical_altar_leap_of_faith
D:2:      cheibrodos_helix_gallery, layout_loops_ring, roderic_serpentine_path
D:3:      minmay_octagon_keep, layout_basic, minivault_23

Skill      XL: |  1  2  3  4 |
---------------+-------------+-----
Armour         | 1 |  1.9
Axes           | 4 |  4.0
Fighting       | |  3.4
Dodging        | |  3.4
Stealth        | |  2.3

Action                   |  1- 3 |  4- 6 || total
-------------------------+-------+-------++-------
Melee: Hand axe          |   112 |   129 ||   241
       Punch             |     1 |     2 ||     3
Invok: Lunge             |     3 |     7 ||    10
       Whirlwind         |       |    11 ||    11
       Serpent's Lash    |       |     3 ||     3
 Abil: Wall Jump         |     1 |       ||     1
  Use: Scroll            |     1 |     1 ||     2
 Stab: Sleeping          |     5 |     1 ||     6
Armor: Robe              |     8 |       ||     8
       Ring mail         |    26 |    51 ||    77
Dodge: Dodged            |    93 |    85 ||   178
